 Dungeon Crawl Stone Soup version 0.26-a0-846-gcc8f1ee719 (webtiles) character file.

Game seed: 2510968836658053784

7205 jestyr24 the Blocker (level 10, -5/90 HPs)
             Began as a Minotaur Berserker on Nov 20, 2020.
             Was a High Priest of Trog.
             Killed from afar by an ice dragon (40 damage)
             ... with a blast of cold
             ... on level 9 of the Dungeon.
             The game lasted 00:35:55 (8809 turns).

jestyr24 the Blocker (Minotaur Berserker)           Turns: 8809, Time: 00:35:59

Health: -5/90      AC: 11    Str: 24    XL:     10   Next: 87%
Magic:  3/3        EV: 11    Int:  7    God:    Trog [*****.]
Gold:   619        SH: 20    Dex: 11    Spells: 9/9 levels left

rFire    . . .     SeeInvis +   x - +5 broad axe (antimagic)
rCold    . . .     Faith    .   m - +1 tower shield
rNeg     + . .     Spirit   .   q - +3 ring mail {rN+}
rPois    .         Reflect  .   (helmet restricted)
rElec    .         Harm     .   o - +1 cloak
rCorr    .         Rampage  .   (no gloves)
MR       ++...                  (no boots)
Stlth    +.........             (no amulet)
HPRegen  0.65/turn              t - ring of see invisible
MPRegen  0.08/turn              E - ring of the Mage {Wiz MR++ Int+3}

@: no status effects
A: retaliatory headbutt, beak, horns 2, regeneration 1
a: Berserk, Trog's Hand, Brothers in Arms, Renounce Religion


You were on level 9 of the Dungeon.
You worshipped Trog.
Trog was extremely pleased with you.
You visited 1 branch of the dungeon, and saw 9 of its levels.
You also visited: Sewer.

You collected 619 gold pieces.

Inventory:

Hand Weapons
 x - a +5 antimagic broad axe (weapon)
 D - a +0 war axe
 G - a +0 battleaxe
 H - a +1 scimitar of flaming
Missiles
 d - 46 poisoned darts
 e - 276 stones
 u - 15 boomerangs (quivered)
 B - 3 silver javelins
Armour
 j - the +2 robe of Wuluexeq {rPois MR+}
   (You found it on level 7 of the Dungeon)

   It protects you from poison.
   It affects your resistance to hostile enchantments.
 m - a +1 tower shield (worn)
 o - a +1 cloak (worn)
 q - a +3 ring mail of positive energy (worn)
 z - a +1 cloak
Jewellery
 t - a ring of see invisible (left hand)
 v - an uncursed ring of positive energy
 y - an uncursed ring of resist corrosion
 E - the ring of the Mage (right hand) {Wiz MR++ Int+3}
   (You found it on level 4 of the Dungeon)

   [ring of wizardry]

   It improves your spell success rate.
   It affects your intelligence (+3).
   It affects your resistance to hostile enchantments.
 J - an uncursed ring of flight
Wands
 a - a wand of iceblast (9)
 c - a wand of digging (9)
 f - a wand of disintegration (43)
 p - a wand of random effects (23)
 s - a wand of polymorph (7)
Scrolls
 h - 10 scrolls of identify
 n - 2 scrolls of fog
 r - 6 scrolls of remove curse
 A - a scroll of brand weapon {unknown}
 I - a scroll of amnesia {unknown}
 K - a scroll of random uselessness {unknown}
 L - 2 scrolls of enchant weapon {unknown}
Potions
 b - 3 potions of attraction
 g - 2 potions of lignification
 i - 4 potions of heal wounds
 k - a potion of magic {unknown}
 l - 5 potions of curing
 w - 2 potions of mutation


   Skills:
 * Level 8.7 Fighting
 + Level 10.7 Axes
 + Level 0.1 Throwing
 + Level 6.7 Armour
 + Level 6.2 Dodging
 * Level 12.1 Shields


You had 9 spell levels left.
You didn't know any spells.
Your spell library was empty.

Dungeon Overview and Level Annotations

Branches:
Dungeon (9/15)             Temple (0/1) D:5           Sewer (visited)
   Lair: D:8-11         Orc: D:9-12

Altars:
Ashenzari
Elyvilon
Okawaru
Sif Muna
Uskayaw
Xom
The Shining One


Innate Abilities, Weirdness & Mutations

You reflexively headbutt those who attack you in melee.
You have a pair of horns on your head.
You have a beak for a mouth.
Your natural rate of healing is unusually fast.


Message History

The ice dragon tramples you!
You hold your ground!
The adder skeleton bites you but does no damage.
The ice dragon closely misses you. You furiously retaliate!
You headbutt the ice dragon.
The ice dragon claws you but does no damage.
The ice dragon tramples you!
You hold your ground!
You slash the ice dragon!
You peck the ice dragon, but do no damage.
The ice dragon is moderately wounded.
You slash the adder skeleton! You block the adder skeleton's attack.
The ice dragon bites you! The ice dragon claws you.
The ice dragon tramples you.
You hold your ground!
You hit the ice dragon. You headbutt the ice dragon!
You peck the ice dragon, but do no damage.
The ice dragon is heavily wounded.
You hit the adder skeleton.
The adder skeleton bites you but does no damage.
The ice dragon breathes frost at you. The blast of cold hits you!!!
You die...

#.# #... ##...##...
#######.+ #. #...# ##
........# #.###
######..# .. #.#
#.)######.. ###
#.)........
#.......... #######
#......#####Z...|#
#......#..D@####
#####......#####...#
..............#..####
..............###.#
####.............##
#...................#
#...................#
#.....?.########....#
#.......# ....#


You could see an ice dragon (catching breath) and an adder skeleton.

Vanquished Creatures
  Harold (D:8)
  Erica (D:8)
  A two-headed ogre (D:8)
  Pikel (D:4)
  Maurice (D:8)
  Psyche (D:8)
  Grinder (D:6)
  A wyvern (D:8)
  Sigmund (D:3)
  Grum (D:8)
  A water moccasin (Sewer)
  An orc warrior (D:8)
  An ice beast (D:6)
  9 ogres
  A sky beast (D:6)
  A phantom (D:6)
  A lemure (D:4)
  4 wolves (D:8)
  A big kobold (D:9)
  3 bullfrogs
  A scorpion (D:5)
  A water moccasin skeleton (D:9)
  5 killer bees (D:9)
  4 wights (D:8)
  A howler monkey (D:8)
  A crimson imp (D:7)
  A quasit (D:6)
  2 bullfrog zombies
  5 hounds
  3 orc priests
  Crazy Yiuf (D:7)
  5 orc wizards
  3 centaur skeletons
  Terence (D:2)
  3 iguanas
  7 worker ants
  A hound zombie (D:6)
  5 adders
  2 white imps (D:7)
  5 ufetubi
  3 oozes
  2 adder skeletons (D:7)
  An adder zombie (D:5)
  A worm (D:2)
  A dart slug (D:2)
  14 leopard geckos
  28 orcs
  4 ball pythons
  7 bats
  7 giant cockroaches
  7 goblins
  6 hobgoblins
  20 jackals
  19 kobolds
  4 quokkas
  6 frilled lizards
  A goblin skeleton (D:7)
  2 hobgoblin zombies (D:7)
  A jackal zombie (D:5)
  4 kobold skeletons (D:7)
  2 kobold zombies (D:7)
  An orc zombie (D:7)
  8 rats
239 creatures vanquished.

Vanquished Creatures (others)
  A plant (D:9)
1 creature vanquished.

Grand Total: 240 creatures vanquished

Notes
Turn   | Place    | Note
-------+----------+-------------------------------------------
     0 | D:1      | jestyr24 the Minotaur Berserker began the quest for the
                  | Orb.
     0 | D:1      | Reached XP level 1. HP: 19/19 MP: 0/0
   262 | D:1      | Reached XP level 2. HP: 27/27 MP: 1/1
  1043 | D:1      | Reached ** piety under Trog
  1196 | D:2      | Reached XP level 3. HP: 33/33 MP: 2/2
  1363 | D:2      | Noticed Terence
  1376 | D:2      | Killed Terence
  1490 | D:2      | Reached XP level 4. HP: 40/40 MP: 3/3
  1581 | D:2      | Found a shimmering blue altar of Sif Muna.
  1793 | D:2      | Reached skill level 5 in Axes
  1855 | D:2      | Reached skill level 1 in Shields
  2004 | D:3      | Found a glowing drain.
  2023 | Sewer    | Entered a sewer
  2123 | Sewer    | Noticed a water moccasin
  2141 | Sewer    | Killed a water moccasin
  2142 | Sewer    | Reached skill level 2 in Shields
  2142 | Sewer    | Reached XP level 5. HP: 14/47 MP: 4/4
  2604 | D:3      | Reached *** piety under Trog
  2633 | D:3      | Reached skill level 3 in Shields
  2817 | D:3      | Noticed Sigmund
  2834 | D:3      | Killed Sigmund
  2835 | D:3      | Reached skill level 4 in Shields
  2835 | D:3      | Reached XP level 6. HP: 21/53 MP: 5/5
  3120 | D:4      | Found the ring of the Mage {Wiz MR++ Int+3}
  3150 | D:4      | Got a dazzling quarterstaff
  3151 | D:4      | Identified the cursed +0 quarterstaff "Vyjax" {vorpal,
                  | *Drain *Slow rPois Int+10} (You found it on level 4 of the
                  | Dungeon)
  3263 | D:4      | Reached XP level 7. HP: 36/60 MP: 6/6
  3410 | D:4      | Reached skill level 5 in Fighting
  3410 | D:4      | Reached skill level 5 in Shields
  3610 | D:4      | Found an iron altar of Okawaru.
  3667 | D:4      | Noticed Pikel
  3684 | D:4      | HP: 3/61 [lemure[Pikel] (1)]
  4060 | D:4      | Killed Pikel
  4061 | D:4      | Reached skill level 5 in Armour
  4061 | D:4      | Reached skill level 6 in Shields
  4061 | D:4      | Reached XP level 8. HP: 53/69 MP: 7/7
  4069 | D:4      | Reached skill level 7 in Shields
  4221 | D:4      | Reached **** piety under Trog
  4747 | D:5      | Entered Level 5 of the Dungeon
  4816 | D:5      | Found a shimmering altar of Xom.
  4828 | D:5      | Found a shimmering altar of Xom.
  4835 | D:5      | Found a shimmering altar of Xom.
  4880 | D:5      | Found a white marble altar of Elyvilon.
  5258 | D:5      | Found a staircase to the Ecumenical Temple.
  5925 | D:6      | Reached skill level 8 in Shields
  6209 | D:6      | Gained mutation: Your natural rate of healing is unusually
                  | fast. [potion of mutation]
  6209 | D:6      | Gained mutation: You have a beak for a mouth. [potion of
                  | mutation]
  6221 | D:6      | Reached XP level 9. HP: 75/75 MP: 8/8
  6516 | D:6      | Noticed Grinder
  6524 | D:6      | Killed Grinder
  6525 | D:6      | Reached skill level 9 in Shields
  6765 | D:7      | Got a faintly humming robe
  6766 | D:7      | Identified the +2 robe of Wuluexeq {rPois MR+} (You found
                  | it on level 7 of the Dungeon)
  6773 | D:7      | Found a glowing golden altar of the Shining One.
  6780 | D:7      | Reached ***** piety under Trog
  6783 | D:7      | Reached skill level 5 in Dodging
  7059 | D:7      | Found a runed translucent door.
  7060 | D:7      | Noticed Crazy Yiuf
  7072 | D:7      | Killed Crazy Yiuf
  7384 | D:8      | Noticed Erica
  7406 | D:8      | Killed Erica
  7407 | D:8      | Reached skill level 10 in Shields
  7475 | D:8      | Noticed a +0 hand axe
  7476 | D:8      | Noticed a +0 hand axe
  7477 | D:8      | Found a hide-covered altar of Uskayaw.
  7522 | D:8      | Found a broken altar of Ashenzari.
  7600 | D:8      | Noticed a two-headed ogre
  7607 | D:8      | Noticed Harold
  7617 | D:8      | Killed a two-headed ogre
  7618 | D:8      | Reached XP level 10. HP: 20/86 MP: 9/9
  7630 | D:8      | Killed Harold
  7631 | D:8      | Reached skill level 10 in Axes
  7631 | D:8      | Reached skill level 11 in Shields
  7991 | D:8      | Noticed Psyche
  7995 | D:8      | Killed Psyche
  8238 | D:8      | Noticed Grum
  8254 | D:8      | Killed Grum
  8468 | D:8      | Noticed Maurice
  8481 | D:8      | Killed Maurice
  8682 | D:9      | Reached skill level 12 in Shields
  8692 | D:9      | Received a gift from Trog
  8803 | D:9      | Noticed an ice dragon
  8809 | D:9      | Killed from afar by an ice dragon

Illustrated notes

Levels and vault maps discovered:
D:1:      dpeg_arrival_houses_and_road, layout_basic
D:2:      layout_basic, marbit_many_paths, uniq_terence
D:3:      layout_rooms, gup_sewer_entry_pipe, minmay_misc_feat_rows,
          uniq_sigmund
D:4:      layout_cave_pods, minmay_ruined_shrine, uniq_pikel
D:5:      layout_layer_cave, elyvilon_altar_1, minmay_temple_entry_fiery,
          corexii_leaking_fountain, xom_redecorated
D:6:      layout_loops_ring, uniq_grinder
D:7:      layout_rooms, nicolae_tso_besieged_by_evil, uniq_crazy_yiuf_cottage
D:8:      layout_gridville, nicolae_ashenzari_panopticon,
          dancing_weapons_uskayaw, uniq_psyche, uniq_harold, uniq_grum,
          uniq_erica, uniq_maurice
D:9:      minmay_chopped_fan, layout_irregular_city,
          nicolae_qazlal_eye_of_the_storm, erik_lair_orcish_takeover,
          kennysheep_generic_room_16

Skill      XL: |  1  2  3  4  5  6  7  8  9 10 |
---------------+-------------------------------+-----
Axes           | 4 5 6 7 8 9 10 | 10.7
Fighting       | 4 5 6 7 8 |  8.7
Shields        | 2 4 6 8 10 12 | 12.1
Armour         | 3 4 5 6 |  6.7
Dodging        | 3 4 5 6 |  6.2
Throwing       | |  0.1

Action                   |  1- 3 |  4- 6 |  7- 9 | 10-12 || total
-------------------------+-------+-------+-------+-------++-------
Melee: Hand axe          |    63 |   159 |   354 |    12 ||   588
       Headbutt          |    10 |    26 |    95 |    22 ||   153
       Peck              |       |       |    25 |    28 ||    53
       War axe           |       |       |       |    84 ||    84
       Broad axe         |       |       |       |    23 ||    23
Throw: Dart              |     5 |       |       |       ||     5
  Use: Potion            |       |     3 |     8 |     1 ||    12
       Scroll            |       |     1 |     8 |       ||     9
Armor: Animal skin       |     9 |       |       |       ||     9
       Ring mail         |       |    54 |    83 |    28 ||   165
Dodge: Dodged            |    42 |    53 |    74 |    43 ||   212
Block: Tower shield      |     2 |   127 |   315 |   140 ||   584

Table legend: (Time is in decaauts)
 A = Elapsed time spent in this place.
 B = Non-inter-level travel time spent in this place.
 C = Inter-level travel time spent in this place.
 D = Time resting spent in this place.
 E = Time spent auto-exploring this place.
 F = Levels seen in this place.
 G = Mean time per level.
                   A        B        C        D        E       F      G
               +--------+--------+--------+--------+--------+-----+--------+
         Total |   8855 |   8705 |    150 |   1770 |   4461 |  10 |  885.5 |
       Dungeon |   8371 |   8221 |    150 |   1485 |   4378 |   9 |  930.1 |
         Sewer |    484 |    484 |      0 |    285 |     82 |   1 |  484.0 |
               +--------+--------+--------+--------+--------+-----+--------+

Top non-repeatable levels by time:
     D:4: 1640 daAuts
     D:8: 1264 daAuts
     D:1: 1136 daAuts
     D:6: 972 daAuts
     D:5: 955 daAuts
     D:2: 828 daAuts
     D:3: 718 daAuts
     D:7: 687 daAuts
   Sewer: 484 daAuts
     D:9: 168 daAuts
